AoeStats
← [KMNB] Bandeira

Lombardia

508427165Analyzed
2v2 RM · 11d ago on Sep 22, 2026· 42m 13s· 4 players
Game mode
Random Map
Map size
Medium (4 player)
Population
200
Speed
Normal
Resources
Standard
Victory
Conquest
Starting age
Dark Age
Ending age
Imperial Age
RankedLock teamsTeams togetherTeam positionsShared explorationLock speedFull tech treeHidden civsTurbo modeCheats
Victory
Defeat
🇳🇱 Persians · Netherlands
1581
+12
🇻🇳 Britons · Vietnam
1556
+13
🇧🇷 Magyars · Brazil
1516
-14
🇧🇷 Italians · Brazil
1462
-11
Holy Heroin
6:04 Loom
8:39 Feudal Age
9:15 Double-Bit Axe
10:13 Horse Collar
14:59 Scale Barding Armor
19:19 Forging
20:38 Bloodlines
21:35 Wheelbarrow
24:40 Castle Age
23:24 Gold Mining
24:26 Light Cavalry
25:27 Chain Barding Armor
25:21 Bow Saw
25:47 Husbandry
27:20 Iron Casting
29:33 Heavy Plow
35:20 Hand Cart
34:52 Town Watch
42:47 Imperial Age
THL
6:47 Loom
9:16 Feudal Age
9:48 Double-Bit Axe
14:10 Fletching
16:38 Padded Archer Armor
22:46 Castle Age
22:49 Crossbowman
23:25 Bodkin Arrow
23:42 Bow Saw
24:36 Leather Archer Armor
25:58 Ballistics
34:42 Wheelbarrow
39:33 Imperial Age
39:42 Arbalester
40:25 Bracer
41:27 Chemistry
42:14 Ring Archer Armor
42:41 Hand Cart
[KMNB] Bandeira
6:11 Loom
8:57 Feudal Age
9:31 Double-Bit Axe
11:33 Horse Collar
14:25 Scale Barding Armor
21:36 Castle Age
19:34 Gold Mining
20:47 Bloodlines
22:53 Chain Barding Armor
24:30 Husbandry
32:23 Wheelbarrow
[KMNB] Dedão
6:52 Loom
9:07 Feudal Age
9:53 Double-Bit Axe
14:22 Fletching
16:44 Padded Archer Armor
19:19 Wheelbarrow
22:03 Castle Age
20:18 Gold Mining
20:36 Horse Collar
22:07 Crossbowman
22:50 Bodkin Arrow
23:09 Bow Saw
24:20 Leather Archer Armor
25:23 Ballistics
26:25 Stone Mining
27:02 Thumb Ring
30:58 Town Watch
37:04 Imperial Age
37:11 Hand Cart
37:05 Arbalester
38:52 Chemistry
38:02 Bracer
38:44 Conscription
40:21 Two-Man Saw
40:18 Ring Archer Armor
41:13 Elite Genoese Crossbowman
Connection lost

Rejoining the realm…

Still unreachable

The connection could not be restored.

Session expired

The server has moved on; the page needs a fresh start.